AoeStats
← lothal

MegaRandom

510022955Analyzed
4v4 RM · 5d ago on Sep 29, 2026· 67m 17s· 8 players
Game mode
Random Map
Map size
Large (8 player)
Population
200
Speed
Normal
Resources
Standard
Victory
Conquest
Starting age
Dark Age
Ending age
Imperial Age
RankedLock teamsTeams togetherTeam positionsShared explorationLock speedFull tech treeHidden civsTurbo modeCheats
Victory
Defeat
🇺🇸 Persians · United States
707
+32
🇺🇸 Varangians · United States
683
+14
🇺🇸 Burgundians · United States
669
+14
🇺🇸 Celts · United States
576
+18
🇵🇪 Vikings · Peru
706
-18
🇨🇱 Romans · Chile
641
-15
🇦🇷 Britons · Argentina
610
-14
🇨🇴 Teutons · Colombia
570
-12
K1NGlogman
7:28 Loom
9:35 Feudal Age
17:44 Castle Age
17:01 Fishing Lines
20:35 Double-Bit Axe
24:59 Gillnets
26:14 Bow Saw
29:09 Horse Collar
34:11 Imperial Age
32:24 Pikeman
32:24 Man-at-Arms
34:47 Capped Ram
34:51 Halberdier
35:36 Scale Mail Armor
36:13 Siege Ram
37:36 Chain Mail Armor
37:33 Forging
43:46 Plate Mail Armor
43:53 Iron Casting
47:56 Furor Celtica
50:44 Blast Furnace
50:54 Onager
52:16 Arson
52:46 Siege Onager
cjcypher76
12:20 Feudal Age
11:49 Horse Collar
11:59 Double-Bit Axe
18:19 Castle Age
16:22 Padded Archer Armor
17:27 Fletching
18:58 Bodkin Arrow
18:41 Elite Skirmisher
28:25 Heavy Plow
29:15 Scale Mail Armor
29:26 Forging
34:20 Burgundian Vineyards
40:58 Scale Barding Armor
41:29 Iron Casting
41:10 Leather Archer Armor
41:13 Chain Mail Armor
45:04 Chain Barding Armor
54:09 Imperial Age
56:54 Plate Mail Armor
57:24 Blast Furnace
56:24 Bracer
60:24 Conscription
59:26 Elite Coustillier
60:58 Plate Barding Armor
CaptOblivious
11:00 Feudal Age
14:37 Bloodlines
14:46 Bloodlines
16:13 Loom
17:47 Forging
19:17 Wheelbarrow
19:50 Scale Mail Armor
19:57 Scale Barding Armor
22:35 Castle Age
20:36 Gold Mining
23:10 Horse Collar
25:24 Iron Casting
27:24 Chain Barding Armor
27:01 Arson
29:36 Husbandry
37:10 Fletching
37:36 Squires
39:15 Scale Mail Armor
39:11 Bodkin Arrow
43:03 Chain Mail Armor
42:49 Padded Archer Armor
50:26 Imperial Age
51:12 Leather Archer Armor
54:19 Bracer
53:49 Elite Longship
57:56 Chemistry
57:18 Ballistics
56:39 Cavalier
57:23 Vendel Legacy
67:17 Plate Barding Armor
67:44 Blast Furnace
PrinceAbaddon
15:06 Feudal Age
15:30 Loom
16:43 Wheelbarrow
16:03 Double-Bit Axe
21:22 Forging
23:48 Castle Age
26:27 Hand Cart
33:18 Imperial Age
32:29 Loom
35:59 Iron Casting
35:33 Scale Barding Armor
36:02 Elite War Elephant
37:17 Conscription
42:42 Hoardings
64:50 Pikeman
MONSEkatish
2:23 Loom
12:11 Feudal Age
13:48 Double-Bit Axe
13:45 Horse Collar
14:54 Town Watch
17:58 Wheelbarrow
21:51 Gold Mining
22:29 Man-at-Arms
25:16 Castle Age
25:20 Arson
28:15 Stone Mining
29:13 Long Swordsman
29:15 Pikeman
30:26 Squires
30:14 Gambesons
35:03 Stone Shaft Mining
39:34 Heavy Plow
lothal
0:30 Loom
15:26 Feudal Age
17:02 Horse Collar
17:09 Double-Bit Axe
22:24 Scale Mail Armor
24:59 Castle Age
24:36 Town Watch
25:34 Pikeman
26:16 Squires
27:22 Man-at-Arms
29:44 Forging
31:39 Gold Mining
31:44 Long Swordsman
35:07 Bow Saw
DavidxGabriel
0:43 Loom
12:45 Feudal Age
18:48 Castle Age
17:23 Double-Bit Axe
17:30 Gold Mining
18:22 Stone Mining
19:24 Town Watch
23:35 Gold Shaft Mining
22:51 Fletching
23:19 Bow Saw
25:21 Squires
25:24 Scale Mail Armor
27:30 Ballistics
27:23 Forging
26:40 Pikeman
27:37 Bodkin Arrow
29:33 Iron Casting
33:52 Imperial Age
31:24 Town Patrol
32:50 Treadmill Crane
34:20 Murder Holes
34:42 Chain Mail Armor
36:56 Two-Man Saw
35:29 Onager
37:50 Chemistry
38:04 Chieftains
39:38 Blast Furnace
39:23 Plate Mail Armor
38:54 Arson
40:20 Bracer
40:11 Capped Ram
40:54 Padded Archer Armor
41:21 Heavy Scorpion
42:34 Fortified Wall
43:54 Siege Ram
46:56 Elite Berserk
48:22 Siege Engineers
52:03 Leather Archer Armor
51:39 Arrowslits
52:05 Masonry
55:41 Guard Tower
lichoring7
8:40 Feudal Age
9:13 Double-Bit Axe
10:25 Wheelbarrow
14:38 Horse Collar
23:02 Man-at-Arms
Connection lost

Rejoining the realm…

Still unreachable

The connection could not be restored.

Session expired

The server has moved on; the page needs a fresh start.